 Dungeon Crawl Stone Soup version 0.26-a0-690-gcb57259078 (webtiles) character file.

Game seed: 422127248532698542

51 snetch the Chopper (level 3, -1/33 HPs)
             Began as a Hill Orc Monk on Oct 23, 2020.
             Slain by Grinder (2 damage)
             ... while paralysed by Grinder
             ... on level 3 of the Dungeon.
             The game lasted 00:02:24 (1279 turns).

snetch the Chopper (Hill Orc Monk)                  Turns: 1279, Time: 00:02:25

Health: -1/33      AC:  5    Str: 14    XL:     3   Next: 83%
Magic:  3/3        EV:  2    Int: 10    God:
Gold:   54         SH:  0    Dex: 13    Spells: 2/2 levels left

rFire    . . .     SeeInvis .   a - +0 hand axe
rCold    . . .     Faith    .   (no shield)
rNeg     . . .     Spirit   .   n - +0 ring mail
rPois    .         Reflect  .   (no helmet)
rElec    .         Harm     .   (no cloak)
rCorr    .         Rampage  .   (no gloves)
MR       .....                  (no boots)
Stlth    +.........             (no amulet)
HPRegen  0.11/turn              (no ring)
MPRegen  0.08/turn              (no ring)

@: paralysed
A: no striking features
a: no special abilities


You were on level 3 of the Dungeon.
You visited 1 branch of the dungeon, and saw 4 of its levels.

You collected 54 gold pieces.

Inventory:

Hand Weapons
 a - a +0 hand axe (weapon)
Missiles
 c - 4 boomerangs (quivered)
 e - 29 sling bullets
 k - 22 stones
 r - 23 arrows
Armour
 b - a +0 robe
 n - a +0 ring mail (worn)
 o - a +0 scale mail
Jewellery
 m - an uncursed ring of fire {unknown}
Scrolls
 d - 2 scrolls of identify {unknown}
 f - a scroll of immolation {unknown}
 j - a scroll of remove curse {unknown}
 l - a scroll of magic mapping {unknown}
 q - a scroll of enchant weapon {unknown}
Potions
 g - 2 potions of ambrosia {unknown}
 h - a potion of curing {unknown}
 i - a potion of haste {unknown}
 p - a potion of degeneration {unknown}


   Skills:
 + Level 4.2 Fighting
 + Level 4.8 Axes
 + Level 0.4 Armour
 + Level 2.8 Dodging
 + Level 1.8 Stealth


You had 2 spell levels left.
You didn't know any spells.
Your spell library was empty.

Dungeon Overview and Level Annotations

Branches:
Dungeon (4/15)
 Temple: D:4-7

Altars:

Annotations:
D:3 Grinder


Message History

You throw a boomerang. The boomerang closely misses Grinder.
Throwing (i - inventory. (/) - cycle)
c - 4 boomerangs (quivered)
Press: ? - help, Shift-Dir - straight line, f/p - Grinder
Aim: Grinder
Okay, then.
You hit Grinder.
Grinder is lightly wounded.
Grinder hits you but does no damage.
You hit Grinder.
Grinder is lightly wounded.
Grinder gestures at you.
You suddenly lose the ability to move!
Grinder hits you.
You writhe in agony.
Grinder hits you but does no damage. Grinder hits you!
You writhe in agony.
Grinder hits you.
You writhe in agony.
Grinder hits you!
* * * LOW HITPOINT WARNING * * *
You writhe in agony.
You die...

.##.. ... ..... ..#
#+## #..# #.#
#...##
#..####.##.....##
#..†)...#.......#
##...####.........
##.......+>........
#....5..##.........
#.##@##.###.......#
#. #.##.# ##.....##
# #.##.# #...##
#.##.# #+## #.##.#
.....# #.#### #..


You could see Grinder.

Vanquished Creatures
  3 adders
  An ooze (D:1)
  A dart slug (D:2)
  A leopard gecko (D:2)
  An orc (D:3)
  A ball python (D:3)
  A bat (D:1)
  A giant cockroach (D:1)
  A hobgoblin (D:1)
  2 quokkas
  3 goblins
  A rat (D:1)
17 creatures vanquished.

Notes
Turn   | Place    | Note
-------+----------+-------------------------------------------
     0 | D:1      | snetch the Hill Orc Monk began the quest for the Orb.
     0 | D:1      | Reached XP level 1. HP: 19/19 MP: 1/1
   358 | D:1      | Reached XP level 2. HP: 27/27 MP: 2/2
   712 | D:3      | Reached XP level 3. HP: 20/33 MP: 3/3
   926 | D:4      | Noticed an ice beast
  1266 | D:3      | Noticed Grinder
  1267 | D:3      | Paralysed by Grinder for 5 turns
  1274 | D:3      | Paralysed by Grinder for 7 turns
  1279 | D:3      | HP: 1/33 [Grinder (9)]
  1279 | D:3      | Slain by Grinder

Illustrated notes

Levels and vault maps discovered:
D:1:      dpeg_arrival_shrine, layout_basic, minmay_liquid_box
D:2:      layout_loops_ring, overflow_temple_1_default
D:3:      kennysheep_big_flooded_room, layout_loops_corners, lemuel_round_altar,
          lemuel_coloured_pillars_altar, uniq_grinder, uniq_robin
D:4:      layout_loops_ring, zin_statuary, nicolae_ossuary_entry_plus

Skill      XL: |  1  2 |
---------------+-------+-----
Fighting       | 4 |  4.2
Axes           | |  4.8
Armour         | |  0.4
Dodging        | |  2.8
Stealth        | |  1.8

Action                   || total
-------------------------++-------
Melee: Hand axe          ||    96
Throw: Boomerang         ||     2
  Use: Scroll            ||     1
 Stab: Sleeping          ||     3
Armor: Robe              ||     2
       Ring mail         ||    27
Dodge: Dodged            ||    54

Table legend: (Time is in decaauts)
 A = Elapsed time spent in this place.
 B = Non-inter-level travel time spent in this place.
 C = Inter-level travel time spent in this place.
 D = Time resting spent in this place.
 E = Time spent auto-exploring this place.
 F = Levels seen in this place.
 G = Mean time per level.
                   A        B        C        D        E       F      G
               +--------+--------+--------+--------+--------+-----+--------+
         Total |   1291 |   1285 |      6 |    299 |    632 |   4 |  322.8 |
       Dungeon |   1291 |   1285 |      6 |    299 |    632 |   4 |  322.8 |
               +--------+--------+--------+--------+--------+-----+--------+

Top non-repeatable levels by time:
     D:3: 506 daAuts
     D:1: 456 daAuts
     D:2: 252 daAuts
     D:4: 76 daAuts
